 Dungeon Crawl Stone Soup version 0.25.1-11-g244df3a29b (webtiles) character file.

Game seed: 12762520783700473232

1527944 DeepDeath the Impregnable (level 27, 199/199 HPs)
             Began as a Gnoll Hunter on Nov 19, 2023.
             Was an Initiate of Gozag.
             Escaped with the Orb
             ... and 3 runes on Dec 2, 2023!
             The game lasted 08:04:13 (97197 turns).

DeepDeath the Impregnable (Gnoll Hunter)           Turns: 97197, Time: 08:04:14

Health: 199/199    AC: 34    Str: 26    XL:     27
Magic:  50/50      EV: 29    Int: 19    God:    Gozag
Gold:   4153       SH: 22    Dex: 32    Spells: 15/64 levels left

rFire    + + +     SeeInvis +   d - +6 eudemon blade (holy)
rCold    + . .     Gourm    .   m - +4 kite shield {rC+}
rNeg     + + +     Faith    .   F - +1 chain mail of the Rose {rN+++ Int-4 Dex+4 SInv}
rPois    +         Spirit   .   k - +1 helmet "Ykhorei" {MR+ Str+2 Dex+2}
rElec    +         Reflect  .   V - +2 cloak {rCorr}
rCorr    +         Harm     .   a - +3 pair of gauntlets of War {Slay+5}
MR       +++++                  j - +1 pair of boots "Voud" {*Corrode rElec Int+4 SInv}
Stlth    ++........             Y - amulet of Demons {Acrobat rF+ Str+4 Int+2}
HPRegen  0.43/turn              z - ring of Iduem {*Corrode rPois rF+++ Dex+6 Stlth+}
MPRegen  0.32/turn              l - ring "Ytyav" {rN+ MR++ MP+9 Int+2}

@: hasted, studying Armour, very quick
A: distributed training, fangs 1, yellow scales 1, frail 1, low mp 1, mutation
resistance 1, weak 1, strong nose
0: Orb of Zot
}: 3/15 runes: decaying, silver, gossamer
a: Potion Petition, Call Merchant, Bribe Branch, Renounce Religion


You escaped.
You worshipped Gozag.
Gozag was most pleased with you.
You were full.

You visited 10 branches of the dungeon, and saw 52 of its levels.
You also visited: Sewer, Bailey, Gauntlet and Ice Cave.

You collected 37421 gold pieces.
You spent 15411 gold pieces at shops.
You paid 17857 gold pieces to Gozag.

Inventory:

Hand Weapons
 d - a +6 eudemon blade of holy wrath (weapon)
 q - the +11 hand crossbow "Luubryucs" {elec, Dex+3}
   (You bought it in a shop on level 2 of the Orcish Mines)

   It charges the ammunition it shoots with electricity; occasionally upon a
   hit, such missiles may discharge and cause terrible harm.
   It affects your dexterity (+3).
 s - a +6 eveningstar of flaming
 v - a +5 vampiric broad axe
 w - the +5 war axe "Buorchiraa" {freeze, Dex+8 Stlth+}
   (You bought it in a shop on level 10 of the Dungeon)

   It has been specially enchanted to freeze those struck by it, causing extra
   injury to most foes and up to half again as much damage against particularly
   susceptible opponents.
   It can also slow down cold-blooded creatures.
   It affects your dexterity (+8).
   It makes you more stealthy.
Missiles
 h - 1065 bolts
 A - 16 silver boomerangs
 J - 12 silver javelins (quivered)
 Z - 29 curare-tipped darts
Armour
 a - the +3 pair of gauntlets of War (worn) {Slay+5}
   (You bought it in a shop on level 6 of the Lair of Beasts)

   It affects your accuracy and damage with ranged weapons and melee attacks
   (+5).
 j - the +1 pair of boots "Voud" (worn) {*Corrode rElec Int+4 SInv}
   (You bought it in a shop on level 6 of the Lair of Beasts)

   It affects your intelligence (+4).
   It insulates you from electricity.
   It lets you see invisible.
   It may corrode you when you take damage.
 k - the +1 helmet "Ykhorei" (worn) {MR+ Str+2 Dex+2}
   (You found it on level 3 of the Elven Halls)

   It affects your strength (+2).
   It affects your dexterity (+2).
   It affects your resistance to hostile enchantments.
 m - a +4 kite shield of cold resistance (worn)
 F - the +1 chain mail of the Rose (worn) {rN+++ Int-4 Dex+4 SInv}
   (You bought it in a shop on level 2 of the Lair of Beasts)

   It affects your intelligence (-4).
   It affects your dexterity (+4).
   It renders you almost immune to negative energy.
   It lets you see invisible.
 V - a +2 cloak of preservation (worn)
Jewellery
 i - an uncursed ring of resist corrosion
 l - the ring "Ytyav" (right hand) {rN+ MR++ MP+9 Int+2}
   (You bought it in a shop on level 2 of the Lair of Beasts)

   [ring of positive energy]

   It affects your intelligence (+2).
   It protects you from negative energy.
   It affects your resistance to hostile enchantments.
   It affects your magic capacity (+9).
 z - the ring of Iduem (left hand) {*Corrode rPois rF+++ Dex+6 Stlth+}
   (You took it off a deep elf demonologist on level 3 of the Elven Halls)

   [ring of dexterity]

   It affects your dexterity (+6).
   It renders you almost immune to fire.
   It protects you from poison.
   It may corrode you when you take damage.
   It makes you more stealthy.
 Y - the amulet of Demons (around neck) {Acrobat rF+ Str+4 Int+2}
   (You found it in a Gauntlet)

   [amulet of the acrobat]

   It helps you evade while moving and waiting.
   It affects your strength (+4).
   It affects your intelligence (+2).
   It protects you from fire.
Wands
 g - a wand of disintegration (43)
 r - a wand of digging (4)
 x - a wand of clouds (4)
 H - a wand of acid (28)
 O - a wand of iceblast (36)
Scrolls
 p - a scroll of silence
 t - 12 scrolls of fear
 u - 2 scrolls of magic mapping
 y - 7 scrolls of blinking
 I - a scroll of holy word
 K - 22 scrolls of remove curse
 N - 10 scrolls of fog
 R - 9 scrolls of identify
 T - 2 scrolls of summoning
 W - 21 scrolls of teleportation
Potions
 b - 3 potions of heal wounds
 c - 13 potions of curing
 n - 8 potions of stabbing
 o - 14 potions of flight
 B - a potion of haste
 D - 4 potions of mutation
 E - 6 potions of ambrosia
 G - 5 potions of resistance
 L - 2 potions of berserk rage
 P - a potion of invisibility
 S - 5 potions of cancellation
 X - 3 potions of might
Books
 C - a manual of Armour
Miscellaneous
 e - 3 phantom mirrors
 Q - a lightning rod (4/4)
 U - 4 boxes of beasts
Comestibles
 f - 40 rations


   Skills:
 + Level 19.3 Fighting
 + Level 19.0 Short Blades
 + Level 19.0 Long Blades
 + Level 19.0 Axes
 + Level 19.0 Maces & Flails
 + Level 19.0 Polearms
 + Level 19.0 Staves
 + Level 19.0 Slings
 + Level 19.0 Bows
 + Level 20.1 Crossbows
 + Level 19.0 Throwing
 + Level 22.0 Armour
 + Level 19.3 Dodging
 + Level 19.1 Stealth
 + Level 19.0 Shields
 + Level 19.0 Unarmed Combat
 + Level 19.0 Spellcasting
 + Level 16.3 Conjurations
 + Level 16.3 Hexes
 + Level 16.3 Charms
 + Level 16.3 Summonings
 + Level 16.3 Necromancy
 + Level 16.3 Translocations
 + Level 16.3 Transmutations
 + Level 16.3 Fire Magic
 + Level 16.3 Ice Magic
 + Level 16.3 Air Magic
 + Level 16.3 Earth Magic
 + Level 16.3 Poison Magic
 + Level 20.3 Invocations
 + Level 19.0 Evocations


You had 15 spell levels left.
You knew the following spells:

 Your Spells              Type           Power        Failure   Level  Hunger
a - Apportation           Tloc           ######       0%          1    None
c - Corona                Hex            ######.      0%          1    None
d - Tukima's Dance        Hex            ######..     1%          3    None
g - Shroud of Golubria    Chrm/Tloc      ######       0%          2    None
i - Ignite Poison         Fire/Tmut/Pois ######..     1%          3    None
k - Darkness              Hex            ######....   1%          6    ####...
l - Lee's Rapid Deconstr  Erth           ######....   1%          5    ##.....
n - Swiftness             Chrm/Air       ######..     0%          2    None
p - Mephitic Cloud        Conj/Pois/Air  ######..     1%          3    None
r - Frozen Ramparts       Ice            ######       1%          3    None
s - Song of Slaying       Chrm           ######..     0%          2    None
u - Dispel Undead         Necr           ######..     1%          4    None
v - Borgnjor's Vile Clut  Necr/Erth      ######....   1%          5    ##.....
w - Spectral Weapon       Hex/Chrm       ######..     1%          3    None
x - Olgreb's Toxic Radia  Pois           ######..     1%          4    None
P - Passwall              Tmut/Erth      ######..     0%          2    None

Your spell library contained the following spells:

 Spells                   Type           Power        Failure   Level  Hunger
 Beastly Appendage        Tmut           ######       0%          1    None
 Foxfire                  Conj/Fire      ####         0%          1    None
 Freeze                   Ice            ####         0%          1    None
 Infusion                 Chrm           ####         0%          1    None
 Magic Dart               Conj           ####         0%          1    None
 Sting                    Tmut/Pois      ####         0%          1    None
 Summon Butterflies       Summ           ######..     0%          1    None
 Corpse Rot               Necr/Air       N/A          0%          2    None
 Ensorcelled Hibernation  Hex/Ice        ######       0%          2    None
 Poisonous Vapours        Pois/Air       ######       0%          2    None
 Searing Ray              Conj           ######       0%          2    None
 Sticks to Snakes         Tmut           ######..     0%          2    None
 Sublimation of Blood     Necr           ######....   0%          2    None
 Confusing Touch          Hex            ######..     1%          3    None
 Dazzling Flash           Conj/Hex       ######       1%          3    None
 Gell's Gravitas          Tloc           ######....   1%          3    None
 Lesser Beckoning         Tloc           ######....   1%          3    None
 Ozocubu's Armour         Chrm/Ice       ######..     1%          3    None
 Recall                   Summ/Tloc      N/A          1%          3    None
 Spider Form              Tmut/Pois      ######....   1%          3    None
 Animate Dead             Necr           N/A          1%          4    None
 Fulminant Prism          Conj/Hex       ######....   1%          4    None
 Hailstorm                Conj/Ice       ######..     1%          4    None
 Ice Form                 Ice/Tmut       ######..     1%          4    None
 Iskenderun's Mystic Bla  Conj/Tloc      ######..     1%          4    None
 Leda's Liquefaction      Hex/Erth       ######....   1%          4    None
 Petrify                  Tmut/Erth      ######..     1%          4    None
 Summon Ice Beast         Ice/Summ       ######..     1%          4    None
 Summon Lightning Spire   Summ/Air       ######..     1%          4    None
 Agony                    Necr           ######..     1%          5    ##.....
 Alistair's Intoxication  Tmut/Pois      ######..     1%          5    ##.....
 Blade Hands              Tmut           ######....   1%          5    ##.....
 Bolt of Magma            Conj/Fire/Erth ######....   1%          5    ##.....
 Excruciating Wounds      Chrm/Necr      ######....   1%          5    ##.....
 Iskenderun's Battlesphe  Conj/Chrm      ######..     1%          5    ##.....
 Metabolic Englaciation   Hex/Ice        ######....   1%          5    ##.....
 Silence                  Hex/Air        ######....   1%          5    ##.....
 Yara's Violent Unravell  Hex/Tmut       ######....   1%          5    ##.....
 Conjure Ball Lightning   Conj/Air       ######....   1%          6    ####...
 Death Channel            Necr           ######....   1%          6    ####...
 Hydra Form               Tmut           ######....   1%          6    ####...
 Invisibility             Hex            ######..     1%          6    ####...
 Iron Shot                Conj/Erth      ######....   1%          6    ####...
 Simulacrum               Ice/Necr       ######....   1%          6    ####...
 Statue Form              Tmut/Erth      ######...    1%          6    ####...
 Dragon Form              Tmut           ######....   9%          7    ######.
 Haunt                    Necr/Summ      ######....   9%          7    ######.
 Malign Gateway           Summ/Tloc      ######....   9%          7    ######.
 Orb of Destruction       Conj           ######....   9%          7    ######.
 Ring of Flames           Chrm/Fire      ######....   9%          7    ######.
 Spellforged Servitor     Conj/Summ      ######....   9%          7    ######.
 Summon Hydra             Summ           ######....   9%          7    ######.
 Borgnjor's Revivificati  Necr           ######....   54%         8    #######
 Chain Lightning          Conj/Air       ######....   54%         8    #######
 Death's Door             Chrm/Necr      ######....   54%         8    #######
 Infestation              Necr           ######....   54%         8    #######
 Lehudib's Crystal Spear  Conj/Erth      ######....   54%         8    #######
 Necromutation            Tmut/Necr      ######....   54%         8    #######
 Absolute Zero            Ice            ######....   100%        9    #######
 Fire Storm               Conj/Fire      ######....   100%        9    #######
 Shatter                  Erth           ######....   100%        9    #######
 Tornado                  Air            ######....   100%        9    #######
 Passage of Golubria      Tloc           Unusable     N/A         4    N/A

Dungeon Overview and Level Annotations

Branches:
Dungeon (15/15)            Temple (0/1) D:6            Lair (6/6) D:11
  Swamp (4/4) Lair:4       Spider (4/4) Lair:4        Slime (0/5) Lair:5
    Orc (2/2) D:11            Elf (3/3) Orc:2        Vaults (5/5) D:14
  Crypt (3/3) Vaults:3       Tomb (0/3) Crypt:3      Depths (5/5) D:15
    Zot (5/5) Depths:5      Sewer (visited)          Bailey (visited)
  IceCv (visited)         Gauntlet (visited)

Altars:
Dithmenos
Elyvilon
Gozag
Kikubaaqudgha
Sif Muna
Trog
Wu Jian
Zin
Beogh
Jiyva

Shops:
D:10 (   D:14 (   Orc:1 %   Orc:2 *([:   Elf:2 %   Lair:2 }[=   Lair:6 [
Vaults:1 ?=*   Vaults:5 (   Depths:2 *[*   Depths:3 }=   Depths:5 [

Portals:
Hell: Depths:1 Depths:2 Depths:3 Depths:4 Depths:5
Abyss: Depths:4 Depths:5
Pandemonium: Depths:3 Depths:5
Ziggurat: Depths:1

Annotations:
D:6 1 runed translucent door-Angel
Swamp:1 Ricegish's ghost, adept GnFi


Innate Abilities, Weirdness & Mutations

Your experience applies equally to all skills.
You have very sharp teeth.
Your uncanny sense of smell can sniff out nearby items.
You are partially covered in yellow scales. (AC +2)
You are frail. (-10% HP)
Your magical capacity is low. (-10% MP)
You are somewhat resistant to further mutation.
You are weak. (Str -2)


Message History

The rock shatters into small pieces.
There is a stone staircase leading up here.
You climb upwards.
There is a stone staircase leading down here.
You feel yourself speed up.
You eat one of the 41 rations.
That ration really hit the spot!
Evoke which item? (* to show all) (? for menu, Esc to quit)
Aiming: Dig
Press: ? - help, Shift-Dir - straight line You can't see that place. [the floor.]
The rock shatters into small pieces.
Evoke which item? (* to show all) (? for menu, Esc to quit)
Aiming: Dig
Press: ? - help, Shift-Dir - straight line A rock wall.
This square is covered in magical glow.
The rock shatters into small pieces.
There is a staircase leading out of the dungeon here.
You have escaped!

.....#.####.# #.##..##..##.# #.#
.....#.# #.## #'######..##.# #..
.....#.#####.###.## ##...##.# ###
##.###.##.#.......###.#..##.#####
#.# #.##...####...#.##.......[.#
##.# #.#..### ##....##.........#
...# #.#..######...#..#.........#
######.##..##.....###.#.........#
.......#.##...##@## #.#.........#
################## #####.......#
###########################.#####
............................#
#############################


There were no monsters in sight!

Vanquished Creatures
  Khufu (Crypt:2)
  7 orbs of fire
  Mennas (Depths:5)
  6 ancient liches
  Boris (Crypt:2)
  3 greater mummies
  Frederick (Vaults:2)
  4 Killer Klowns
  Bai Suzhen (Swamp:3)
  Margery (Vaults:2)
  the Lernaean hydra (Swamp:4)
  Xtahua (Vaults:2)
  4 curse toes
  Jory (Crypt:3)
  13 golden dragons
  Nikola (Spider:3)
  A profane servitor (Crypt:3)
  2 bone dragons
  Arachne (Spider:4)
  2 electric golems
  A lich (Crypt:3)
  The ghost of contendunt the Acrobat, an adept MiFi of Okawaru (Swamp:2)
  14 tentacled monstrosities
  Rupert (D:12)
  5 titans (Vaults:5)
  8 quicksilver dragons
  16 Orb Guardians
  6 deep elf blademasters
  3 sphinxes
  4 deep elf master archers
  An acid blob (Depths:4)
  6 death cobs
  Frances (Swamp:1)
  The ghost of Ricegish the Blocker, an adept GnFi of Okawaru (Swamp:2)
  4 ancient champions
  9 tengu reavers
  Gastronok (D:12)
  18 storm dragons
  6 shadow dragons
  2 fire giants
  2 revenants
  A storm dragon (shapeshifter) (Vaults:5)
  Roxanne (D:15)
  5 thorn hunters
  The ghost of reversiblehash the Severer, a journeyman MiBe of Trog (Elf:2)
  16 draconian monks
  5 draconian knights
  A daeva (Depths:1)
  2 orc warlords
  6 ghost moths
  17 vault wardens
  Aizul (Vaults:2)
  A cacodemon (D:6)
  5 draconian scorchers
  9 frost giants
  10 deep elf sorcerers
  10 emperor scorpions
  6 iron dragons
  Louise (Swamp:3)
  A caustic shrike zombie (Crypt:2)
  3 curse skulls (Crypt:1)
  The ghost of Fystrirhi the Martial Artist, a journeyman OpTm of Dithmenos (Swamp:3)
  11 draconian annihilators
  A war gargoyle (Vaults:5)
  7 deep elf elementalists
  3 draconian shifters
  6 draconian stormcallers
  A spriggan defender (Depths:3)
  14 entropy weavers
  The ghost of roflc0ptic the Black Belt, a journeyman OpTm of Cheibriados (Swamp:2)
  5 ghouls
  15 ironheart preservers
  9 deep elf demonologists
  22 very ugly things
  14 stone giants
  21 black draconians
  A minotaur (Gauntlet)
  12 vampire knights
  12 yellow draconians
  7 deep elf annihilators
  11 purple draconians
  Nessos (D:15)
  9 red draconians
  10 white draconians
  12 green draconians
  10 spark wasps
  A crystal guardian (Vaults:5)
  Snorg (D:10)
  2 mummy priests (Depths:3)
  2 blizzard demons
  2 eidola (Crypt:2)
  The ghost of DeepDeath the Spear-Bearer, a journeyman DgSk (Lair:3)
  Josephine (D:11)
  10 ettins
  7 fire dragons
  12 deep elf death magi
  2 deep elf high priests (Elf:3)
  12 yaktaur captains
  A death ooze (Lair:3)
  A quicksilver dragon zombie (Crypt:1)
  12 jiangshi
  7 great orbs of eyes
  11 ice dragons
  6 ogre magi
  Fannar (D:10)
  31 vault guards
  24 hydras
  4 rakshasas
  3 ghost crabs (Swamp:2)
  2 spriggan air magi
  14 centaur warriors
  8 deep troll earth magi
  28 two-headed ogres
  A shambling mangrove (Swamp:4)
  4 death knights
  16 alligators
  A thrashing horror (Gauntlet)
  3 tengu warriors
  15 deep troll shamans
  An orc high priest (Orc:2)
  4 vampire magi
  A queen ant (Spider:2)
  A spriggan berserker (Depths:3)
  Urug (Lair:6)
  33 deep elf knights
  2 soul eaters (Depths:5)
  2 salamander mystics
  27 skeletal warriors
  Sonja (D:10)
  7 shadow wraiths
  8 hell knights
  3 iron trolls (Depths:5)
  2 shadow demons
  A sixfirhy (D:6)
  12 swamp dragons
  2 glowing orange brains (Vaults:2)
  8 large abominations
  A death drake (shapeshifter) (Depths:1)
  2 unseen horrors
  A deep troll (shapeshifter) (Vaults:1)
  4 flayed ghosts
  An obsidian statue (D:14)
  5 lindwurms (Depths:5)
  24 deep trolls
  2 wizards
  An infernal demonspawn (Depths:5)
  18 ironbrand convokers
  2 wolf spider zombies
  15 deep elf archers
  2 golden dragon skeletons (Crypt:1)
  A lindwurm (shapeshifter) (Vaults:5)
  A spriggan druid (Swamp:2)
  11 necromancers
  A shadow dragon zombie (Crypt:3)
  58 deep elf magi
  3 phantasmal warriors
  An anaconda skeleton (Crypt:1)
  22 orc knights
  7 harpies
  18 orb spiders
  An orb spider (shapeshifter) (Vaults:5)
  5 cyclopes
  A frost giant zombie (Crypt:2)
  A cyclops (shapeshifter) (Depths:1)
  5 orc sorcerers
  5 oklob plants
  3 manticores
  2 salamanders (shapeshifter)
  A manticore (shapeshifter) (Depths:5)
  An iron dragon skeleton (Crypt:2)
  61 ugly things
  31 wolf spiders
  7 salamanders
  29 moths of wrath
  A moth of wrath (shapeshifter) (Depths:5)
  2 guardian serpents (Depths:2)
  2 centaur zombies
  4 elephants (Lair:5)
  7 black mambas
  4 ice statues
  A smoke demon (Depths:5)
  Psyche (D:11)
  An orange demon (Depths:5)
  A shock serpent skeleton (Crypt:1)
  A catoblepas zombie (Crypt:1)
  A gargoyle (D:15)
  A torpor snail (Spider:3)
  13 vault sentinels
  2 rime drakes (Lair:6)
  An elephant slug zombie (Crypt:2)
  16 spiny frogs
  A spiny frog (shapeshifter) (D:15)
  A titan simulacrum (Crypt:2)
  5 komodo dragons
  13 ice devils
  8 freezing wraiths
  42 yaktaurs
  7 guardian mummies (Depths:3)
  A tengu conjurer (D:13)
  10 demonic crawlers
  A merfolk (shapeshifter) (Elf:2)
  The ghost of radhat240 the Magician, a novice DEFE (D:6)
  A red devil (Depths:5)
  9 trolls
  23 jumping spiders
  11 hornets
  A troll (shapeshifter) (Vaults:3)
  10 bog bodies
  10 tyrant leeches
  A wind drake (Depths:5)
  12 polar bears
  3 raiju (Lair:6)
  17 blink frogs
  22 slime creatures
  A hippogriff (shapeshifter) (Vaults:4)
  A blink frog (shapeshifter) (Depths:3)
  A frost giant simulacrum (Vaults:3)
  7 hippogriffs
  51 flying skulls
  An air elemental (Elf:3)
  73 redbacks
  7 shadows
  An ettin zombie (Crypt:2)
  8 spriggans
  2 redbacks (shapeshifter)
  2 fire elementals
  10 wraiths
  An ice dragon skeleton (Crypt:2)
  2 vampires
  14 water elementals
  5 wyverns
  22 humans
  42 tarantellas
  3 hungry ghosts
  37 yaks
  3 steam dragons
  6 basilisks
  A steam dragon (shapeshifter) (Vaults:5)
  12 wargs
  A wind drake skeleton (Crypt:1)
  19 vampire mosquitoes
  27 soldier ants
  15 swamp worms
  20 insubstantial wisps
  Edmund (D:6)
  A two-headed ogre skeleton (Crypt:2)
  A hydra simulacrum (Crypt:3)
  3 acid dragons
  A swamp worm (shapeshifter) (Vaults:5)
  15 hell hounds
  17 water moccasins
  A floating eye (shapeshifter) (Vaults:5)
  7 porcupines
  Duvessa (D:6)
  12 swamp drakes
  A floating eye (Depths:4)
  60 orc warriors
  4 phantoms
  3 sky beasts
  An alligator simulacrum (Crypt:1)
  An eye of draining (D:11)
  10 ice beasts
  8 necrophages
  16 wolves
  13 black bears
  36 centaurs
  22 ogres
  4 big kobolds
  14 crocodiles
  4 elf zombies (Elf:1)
  17 bullfrogs
  3 earth elementals
  2 wyvern skeletons
  Dowan (D:6)
  7 killer bees
  7 scorpions
  A warg skeleton (Crypt:1)
  A human simulacrum (Vaults:1)
  9 wights
  A swamp dragon simulacrum (Crypt:3)
  A raiju skeleton (Crypt:1)
  3 electric eels
  3 howler monkeys
  7 crimson imps
  A quasit (D:10)
  3 bullfrog skeletons
  8 hounds
  9 jellies
  24 orc priests
  7 centaur skeletons
  37 orc wizards
  2 gnoll shamans
  An iron imp (Depths:1)
  11 iguanas
  30 worker ants
  7 small abominations
  A felid skeleton (Crypt:2)
  A hound zombie (D:10)
  2 hound skeletons
  2 mummies (Crypt:2)
  22 gnolls
  11 adders
  5 shadow imps
  7 white imps
  5 ufetubi (IceCv)
  8 oozes
  An adder zombie (D:10)
  An adder skeleton (D:4)
  7 worms
  A dart slug (D:2)
  5 leopard geckos
  90 orcs
  7 giant cockroaches
  20 hobgoblins
  17 jackals
  17 kobolds
  3 quokkas
  6 ball pythons
  10 bats
  9 frilled lizards
  25 goblins
  A jackal skeleton (D:4)
  A jackal zombie (D:7)
  A kobold zombie (Crypt:1)
  A leopard gecko skeleton (D:7)
  A quokka skeleton (D:5)
  22 rats
  5 fungi
  2 plants (Lair:6)
  A withered plant (D:9)
2639 creatures vanquished.

Vanquished Creatures (collateral kills)
  2 ancient liches (Zot:5)
  An orb of fire (Zot:5)
  Sojobo (Depths:5)
  A Killer Klown (Zot:5)
  A profane servitor (Zot:1)
  An electric golem (Zot:5)
  8 Orb Guardians (Zot:5)
  2 quicksilver dragons (Zot:5)
  A titan (Vaults:5)
  A tengu reaver (Vaults:5)
  A frost giant (Vaults:5)
  A stone giant (Vaults:5)
  A spark wasp (Depths:5)
  An ogre mage (Vaults:5)
  3 two-headed ogres (Vaults:5)
  A deep elf archer (Vaults:5)
  An ironbrand convoker (Vaults:5)
  A moth of wrath (Zot:5)
  A vault sentinel (Vaults:5)
  An ogre (Vaults:5)
31 creatures vanquished.

Vanquished Creatures (others)
  2 Orb Guardians (Zot:5)
  A draconian stormcaller (Zot:5)
  A vault guard (Vaults:5)
  21 dancing weapons
  A deep elf mage (Elf:3)
  A moth of wrath (Zot:3)
  A vault sentinel (Vaults:5)
  A spiny frog (Swamp:2)
  A yaktaur (Vaults:5)
  A jumping spider (Spider:3)
  A tyrant leech (Swamp:4)
  An orc wizard (D:5)
  3 white imps (IceCv)
  5 ufetubi (IceCv)
  An orc skeleton (Crypt:2)
  4 bushes (Lair:1)
  3 fungi (Lair:6)
  64 plants
  7 spectral weapons
  2 withered plants (Swamp:2)
122 creatures vanquished.

Grand Total: 2792 creatures vanquished

Notes
Turn   | Place    | Note
-------+----------+-------------------------------------------
     0 | D:1      | DeepDeath the Gnoll Hunter began the quest for the Orb.
     0 | D:1      | Reached XP level 1. HP: 20/20 MP: 1/1
   104 | D:1      | Reached XP level 2. HP: 23/26 MP: 2/2
   609 | D:1      | Reached XP level 3. HP: 31/31 MP: 3/3
  1000 | D:2      | Reached skill level 1 in Invocations
  1222 | D:2      | Reached skill level 1 in Short Blades
  1222 | D:2      | Reached skill level 1 in Long Blades
  1222 | D:2      | Reached skill level 1 in Axes
  1222 | D:2      | Reached skill level 1 in Maces & Flails
  1222 | D:2      | Reached skill level 1 in Polearms
  1222 | D:2      | Reached skill level 1 in Staves
  1222 | D:2      | Reached skill level 1 in Slings
  1222 | D:2      | Reached skill level 1 in Bows
  1222 | D:2      | Reached skill level 1 in Throwing
  1222 | D:2      | Reached skill level 1 in Armour
  1222 | D:2      | Reached skill level 1 in Shields
  1222 | D:2      | Reached skill level 1 in Unarmed Combat
  1222 | D:2      | Reached skill level 1 in Spellcasting
  1222 | D:2      | Reached skill level 1 in Evocations
  1245 | D:2      | Found an opulent altar of Gozag.
  1272 | D:2      | Reached XP level 4. HP: 33/38 MP: 5/5
  2144 | D:2      | Became a worshipper of Gozag Ym Sagoz the Greedy
  2221 | D:3      | Reached skill level 1 in Conjurations
  2221 | D:3      | Reached skill level 1 in Hexes
  2221 | D:3      | Reached skill level 1 in Charms
  2221 | D:3      | Reached skill level 1 in Summonings
  2221 | D:3      | Reached skill level 1 in Necromancy
  2221 | D:3      | Reached skill level 1 in Translocations
  2221 | D:3      | Reached skill level 1 in Transmutations
  2221 | D:3      | Reached skill level 1 in Fire Magic
  2221 | D:3      | Reached skill level 1 in Ice Magic
  2221 | D:3      | Reached skill level 1 in Air Magic
  2221 | D:3      | Reached skill level 1 in Earth Magic
  2221 | D:3      | Reached skill level 1 in Poison Magic
  2251 | D:3      | Reached XP level 5. HP: 17/43 MP: 6/6
  2371 | D:3      | Found a glowing drain.
  2492 | Sewer    | Entered a sewer
  2675 | Sewer    | Noticed a big kobold
  2681 | Sewer    | Killed a big kobold
  2681 | Sewer    | Reached XP level 6. HP: 50/50 MP: 8/8
  2695 | Sewer    | Reached skill level 5 in Fighting
  2695 | Sewer    | Reached skill level 2 in Armour
  2695 | Sewer    | Reached skill level 5 in Dodging
  3019 | D:3      | Reached XP level 7. HP: 56/56 MP: 10/10
  4435 | D:4      | Found a shadowy altar of Dithmenos.
  4725 | D:5      | Entered Level 5 of the Dungeon
  5106 | D:5      | Reached XP level 8. HP: 31/63 MP: 12/12
  5397 | D:5      | Reached skill level 3 in Armour
  5436 | D:5      | Got a fine hand axe
  6145 | D:6      | Noticed Edmund
  6176 | D:6      | Killed Edmund
  6245 | D:6      | Found a glowing silver altar of Zin.
  6246 | D:6      | Found a runed translucent door.
  6246 | D:6      | Noticed an angel
  6419 | D:6      | Found a runed translucent door.
  6424 | D:6      | Noticed radhat240's ghost (novice DEFE)
  6535 | D:6      | Found a runed translucent door.
  6615 | D:6      | Noticed Dowan
  6638 | D:6      | Killed Dowan
  6638 | D:6      | Reached XP level 9. HP: 69/69 MP: 14/14
  6675 | D:6      | Found a staircase to the Ecumenical Temple.
  6676 | D:6      | Noticed Duvessa
  6829 | D:6      | Killed Duvessa
  7331 | D:5      | Identified the +7 hand axe of Itecoz {flame, +Rage rElec
                  | rPois Dex-4} (You found it on level 5 of the Dungeon)
  7435 | D:7      | Reached skill level 4 in Armour
  8443 | D:8      | Reached skill level 5 in Stealth
  8454 | D:8      | Noticed a two-headed ogre
  8467 | D:8      | Killed a two-headed ogre
  8467 | D:8      | Reached skill level 5 in Invocations
  8467 | D:8      | Reached XP level 10. HP: 57/77 MP: 15/17
  8618 | D:8      | Found a shadowy altar of Dithmenos.
  8851 | D:8      | Found an opulent altar of Gozag.
  8913 | D:8      | Reached skill level 5 in Short Blades
  8913 | D:8      | Reached skill level 5 in Long Blades
  8913 | D:8      | Reached skill level 5 in Axes
  8913 | D:8      | Reached skill level 5 in Maces & Flails
  8913 | D:8      | Reached skill level 5 in Polearms
  8913 | D:8      | Reached skill level 5 in Staves
  8913 | D:8      | Reached skill level 5 in Slings
  8913 | D:8      | Reached skill level 5 in Bows
  8913 | D:8      | Reached skill level 5 in Throwing
  8913 | D:8      | Reached skill level 5 in Armour
  8913 | D:8      | Reached skill level 5 in Shields
  8913 | D:8      | Reached skill level 5 in Unarmed Combat
  8913 | D:8      | Reached skill level 5 in Spellcasting
  8913 | D:8      | Reached skill level 5 in Evocations
  9197 | D:8      | Found an ornate altar of the Wu Jian Council.
  9302 | D:8      | Found a bloodstained altar of Trog.
  9387 | D:8      | Found a shimmering blue altar of Sif Muna.
  9535 | D:8      | Identified a scroll of acquirement
  9535 | D:8      | Acquired the ring "Zeckec" {MR+ Int+3 Slay+4}
  9545 | D:8      | Learned a level 3 spell: Confusing Touch
  9547 | D:8      | Learned a level 1 spell: Corona
  9589 | D:9      | Reached skill level 10 in Crossbows
  9603 | D:9      | Learned a level 3 spell: Frozen Ramparts
  9606 | D:9      | Reached skill level 6 in Armour
  9606 | D:9      | Reached skill level 5 in Conjurations
  9606 | D:9      | Reached skill level 5 in Hexes
  9606 | D:9      | Reached skill level 5 in Charms
  9606 | D:9      | Reached skill level 5 in Summonings
  9606 | D:9      | Reached skill level 5 in Necromancy
  9606 | D:9      | Reached skill level 5 in Translocations
  9606 | D:9      | Reached skill level 5 in Transmutations
  9606 | D:9      | Reached skill level 5 in Fire Magic
  9606 | D:9      | Reached skill level 5 in Ice Magic
  9606 | D:9      | Reached skill level 5 in Air Magic
  9606 | D:9      | Reached skill level 5 in Earth Magic
  9606 | D:9      | Reached skill level 5 in Poison Magic
  9606 | D:9      | Reached XP level 11. HP: 86/86 MP: 17/20
  9699 | D:9      | Noticed a two-headed ogre
  9706 | D:9      | Killed a two-headed ogre
  9859 | D:9      | Got a jewelled double sword
 10031 | D:9      | Found an ancient bone altar of Kikubaaqudgha.
 10212 | D:9      | Found a white marble altar of Elyvilon.
 10324 | D:9      | Noticed a two-headed ogre
 10329 | D:9      | Killed a two-headed ogre
 10433 | D:10     | Entered Level 10 of the Dungeon
 10989 | D:10     | Noticed Fannar
 11035 | D:10     | Killed Fannar
 11035 | D:10     | Reached XP level 12. HP: 62/93 MP: 22/22
 11491 | D:10     | Noticed Snorg
 11503 | D:10     | Killed Snorg
 11542 | D:10     | Reached skill level 7 in Armour
 11629 | D:10     | Noticed Sonja
 11707 | D:10     | Found Fifiemi's Weapon Boutique.
 11726 | D:10     | Bought the +5 war axe "Buorchiraa" {freeze, Dex+8 Stlth+}
                  | for 810 gold pieces
 12467 | D:10     | Identified the +0 double sword of the Wheel {distort, rF+}
                  | (You found it on level 9 of the Dungeon)
 12580 | D:11     | Found a flagged portal.
 12603 | Bailey   | Entered a bailey
 13029 | Bailey   | Noticed an orc warlord
 13226 | Bailey   | Identified the +0 robe "Qyhiem" {rC+ Int+2 Dex+4}
 13501 | D:11     | Acquired an uncursed ring of protection from fire
 13599 | D:11     | Found a staircase to the Orcish Mines.
 13679 | D:11     | Noticed Psyche
 13695 | D:11     | Killed Psyche
 13734 | D:11     | Noticed a seven-headed hydra
 13741 | D:11     | Killed a five-headed hydra
 14252 | D:11     | Found a staircase to the Lair.
 14407 | D:11     | Noticed Josephine
 14424 | D:11     | Killed Josephine
 14681 | D:11     | Reached XP level 13. HP: 97/101 MP: 24/24
 14974 | Lair:1   | Entered Level 1 of the Lair of Beasts
 15490 | Lair:1   | Reached skill level 8 in Armour
 17117 | Lair:2   | Learned a level 3 spell: Ozocubu's Armour
 17121 | Lair:2   | Learned a level 3 spell: Tukima's Dance
 17292 | Lair:3   | You fall into a shaft and drop 3 floors!
 17292 | Lair:6   | Entered Level 6 of the Lair of Beasts
 17292 | Lair:6   | Found an opulent altar of Gozag.
 17339 | Lair:6   | Noticed Urug
 17354 | Lair:6   | Killed Urug
 18256 | Lair:3   | Found a runed translucent gate.
 18256 | Lair:3   | Found a runed translucent gate.
 18256 | Lair:3   | Found a runed translucent gate.
 18260 | Lair:3   | Noticed DeepDeath's ghost (journeyman DgSk)
 18260 | Lair:3   | Noticed a death ooze
 18262 | Lair:3   | Found a viscous altar of Jiyva.
 18685 | Lair:3   | Acquired a +1 pair of gloves of strength
 19139 | Lair:4   | Reached XP level 14. HP: 109/109 MP: 26/26
 19140 | Lair:4   | Found a hole to the Spider Nest.
 19209 | Lair:4   | Found a staircase to the Swamp.
 19834 | Lair:5   | Reached skill level 10 in Fighting
 19834 | Lair:5   | Reached skill level 10 in Dodging
 20000 | Lair:5   | Found a runed translucent door.
 20001 | Lair:5   | Found a viscous altar of Jiyva.
 20003 | Lair:5   | Found a staircase to the Slime Pits.
 21001 | Lair:6   | Reached skill level 9 in Armour
 22157 | Lair:6   | Reached skill level 10 in Invocations
 23145 | Lair:6   | Bought the +3 pair of gauntlets of War {Slay+5} for 950
                  | gold pieces
 23145 | Lair:6   | Found the +3 pair of gauntlets of War {Slay+5}
 23160 | Lair:6   | Bought a +4 chain mail of cold resistance for 630 gold
                  | pieces
 23340 | Orc:1    | Entered Level 1 of the Orcish Mines
 23509 | Orc:2    | Entered Level 2 of the Orcish Mines
 23754 | Orc:1    | Found Pics's Food Boutique.
 23980 | Orc:2    | Found a staircase to the Elven Halls.
 24352 | Orc:2    | Noticed an orc warlord
 24399 | Orc:2    | Killed an orc warlord
 24434 | Orc:2    | Reached XP level 15. HP: 117/117 MP: 28/28
 24482 | Orc:2    | Found a roughly hewn altar of Beogh.
 24548 | Orc:2    | Found Qiuqes's Antique Armour Emporium.
 24556 | Orc:2    | Bought a fading scale mail for 216 gold pieces
 24641 | Orc:2    | Found Zimumats's Antique Weapon Emporium.
 24655 | Orc:2    | Found Usuxtut's General Store.
 24663 | Orc:2    | Found Qaosm's Book Emporium.
 24696 | Orc:2    | Bought a shimmering hand crossbow for 297 gold pieces
 24712 | Orc:2    | Bought 15 bolts for 39 gold pieces
 24712 | Orc:2    | Bought a scroll of identify for 26 gold pieces
 24713 | Orc:2    | Identified the cursed +1 scale mail "Bearaa Alei" {*Drain
                  | rPois Dex+2 Slay+3} (You bought it in a shop on level 2 of
                  | the Orcish Mines)
 24714 | Orc:2    | Identified the +11 hand crossbow "Luubryucs" {elec, Dex+3}
                  | (You bought it in a shop on level 2 of the Orcish Mines)
 24859 | Orc:2    | Bought a runed chain mail for 180 gold pieces
 24896 | Orc:2    | Bought a dazzling morningstar for 315 gold pieces
 24902 | Orc:2    | Identified the +8 morningstar "Zenwu" {drain, *Drain +Rage
                  | Dex+6 SInv} (You bought it in a shop on level 2 of the
                  | Orcish Mines)
 25276 | D:10     | Killed Sonja
 25534 | D:6      | Killed radhat240's ghost
 25836 | D:12     | Found a bloodstained altar of Trog.
 25862 | D:12     | Noticed Rupert
 25874 | D:12     | Killed Rupert
 25874 | D:12     | Reached skill level 10 in Stealth
 26425 | D:12     | Noticed Gastronok
 26431 | D:12     | Killed Gastronok
 28038 | D:14     | Reached skill level 10 in Short Blades
 28038 | D:14     | Reached skill level 10 in Long Blades
 28038 | D:14     | Reached skill level 10 in Axes
 28038 | D:14     | Reached skill level 10 in Maces & Flails
 28038 | D:14     | Reached skill level 10 in Polearms
 28038 | D:14     | Reached skill level 10 in Staves
 28038 | D:14     | Reached skill level 10 in Slings
 28038 | D:14     | Reached skill level 10 in Bows
 28038 | D:14     | Reached skill level 10 in Throwing
 28038 | D:14     | Reached skill level 10 in Armour
 28038 | D:14     | Reached skill level 10 in Shields
 28038 | D:14     | Reached skill level 10 in Unarmed Combat
 28038 | D:14     | Reached skill level 10 in Spellcasting
 28038 | D:14     | Reached skill level 10 in Evocations
 28111 | D:14     | Found a gate leading to a gauntlet.
 28187 | Gauntlet | Entered a Gauntlet
 28187 | Gauntlet | Found a transporter.
 28196 | Gauntlet | Found a transporter.
 28198 | Gauntlet | Found a transporter.
 28207 | Gauntlet | Found a transporter.
 28222 | Gauntlet | Found a transporter.
 28229 | Gauntlet | Found a transporter.
 28248 | Gauntlet | Found a transporter.
 28265 | Gauntlet | Found a transporter.
 28265 | Gauntlet | Noticed a cacodemon
 28302 | Gauntlet | Found a transporter.
 28307 | Gauntlet | Found a large runed translucent door.
 28308 | Gauntlet | Found a large runed translucent door.
 28309 | Gauntlet | Found a large runed translucent door.
 28309 | Gauntlet | Found a large runed translucent door.
 28310 | Gauntlet | Found a runed translucent gate.
 28311 | Gauntlet | Found a transporter.
 28311 | Gauntlet | Found a runed translucent gate.
 28312 | Gauntlet | Found a runed translucent gate.
 28312 | Gauntlet | Found a large runed translucent door.
 28312 | Gauntlet | Found a large runed translucent door.
 28312 | Gauntlet | Found a runed translucent door.
 28312 | Gauntlet | Found a runed translucent door.
 28313 | Gauntlet | Found a large runed translucent door.
 28314 | Gauntlet | Found a large runed translucent door.
 28316 | Gauntlet | Found a transporter.
 28316 | Gauntlet | Found a transporter.
 28328 | Gauntlet | Found a large runed translucent door.
 28328 | Gauntlet | Found a large runed translucent door.
 28329 | Gauntlet | Found a large runed translucent door.
 28330 | Gauntlet | Found a large runed translucent door.
 28338 | Gauntlet | Found a transporter.
 28339 | Gauntlet | Found a large runed translucent door.
 28339 | Gauntlet | Found a large runed translucent door.
 28340 | Gauntlet | Found a large runed translucent door.
 28341 | Gauntlet | Found a large runed translucent door.
 28345 | Gauntlet | Found a transporter.
 28345 | Gauntlet | Found a transporter.
 28365 | Gauntlet | Found a transporter.
 28371 | Gauntlet | Found a transporter.
 28412 | Gauntlet | Found a transporter.
 28480 | Gauntlet | Got a slimy brass ring
 28487 | Gauntlet | Identified the ring "Lamiytaw" {*Drain rC+ rN+ Str+6} (You
                  | found it in a Gauntlet)
 28587 | Gauntlet | Got a warped tin amulet
 28631 | Gauntlet | Identified the amulet of Demons {Acrobat rF+ Str+4 Int+2}
                  | (You found it in a Gauntlet)
 28634 | Gauntlet | Identified the cursed +0 hand axe of the Spectre {freeze,
                  | Str+4}
 28698 | Gauntlet | Got a shimmering pewter ring
 28701 | Gauntlet | Identified the cursed ring "Syranubo" {rC+ MP+9 Str-5
                  | Int-4} (You found it in a Gauntlet)
 29058 | D:14     | Found Xaoqese's Antique Weapon Emporium.
 29128 | D:14     | Bought an ivory morningstar for 189 gold pieces
 29129 | D:14     | Identified the +7 morningstar "Epy Wock" {pain, Str+2} (You
                  | bought it in a shop on level 14 of the Dungeon)
 29956 | D:14     | Reached XP level 16. HP: 123/125 MP: 30/30
 29967 | D:14     | Got a bloodstained ring mail
 30182 | D:14     | Found a gate to the Vaults.
 30325 | D:15     | Entered Level 15 of the Dungeon
 30336 | D:15     | Learned a level 2 spell: Swiftness
 30339 | D:15     | Learned a level 2 spell: Passwall
 30343 | D:15     | Noticed Nessos
 30349 | D:15     | Killed Nessos
 30445 | D:15     | Found a staircase to the Depths.
 30578 | D:15     | Identified Roxanne's Disquisition on Transmutation
 30578 | D:15     | Noticed Roxanne
 30597 | D:15     | Killed Roxanne
 32552 | Swamp:1  | Entered Level 1 of the Swamp
 32772 | Swamp:1  | Noticed Frances
 32933 | Swamp:1  | Killed Frances
 33777 | Swamp:2  | Found a runed translucent gate.
 33778 | Swamp:2  | Found a runed translucent gate.
 33779 | Swamp:2  | Noticed Ricegish's ghost (adept GnFi)
 33780 | Swamp:2  | Found a runed translucent gate.
 33780 | Swamp:2  | Noticed Ricegish's ghost (adept GnFi)
 33780 | Swamp:2  | Noticed roflc0ptic's ghost (journeyman OpTm)
 33780 | Swamp:2  | Noticed contendunt's ghost (adept MiFi)
 33849 | Swamp:2  | Found a transporter.
 33866 | Swamp:2  | Noticed a thorn hunter
 33888 | Swamp:2  | Found a transporter.
 34699 | D:10     | Bought 22 bolts for 61 gold pieces
 34703 | D:10     | Learned a level 3 spell: Mephitic Cloud
 34707 | D:10     | Learned a level 3 spell: Ignite Poison
 34818 | D:13     | Learned a level 4 spell: Olgreb's Toxic Radiance
 34862 | D:14     | Bought a masterwork spear for 168 gold pieces
 35223 | Swamp:3  | Reached skill level 11 in Armour
 35666 | Swamp:3  | Noticed Louise
 35681 | Swamp:3  | Killed Louise
 35849 | Lair:2   | Identified the +2 spear of Tenacity {holy, rPois MP-9 Int+6
                  | Dex-5} (You bought it in a shop on level 14 of the Dungeon)
 36031 | Swamp:3  | Reached XP level 17. HP: 133/133 MP: 32/32
 36193 | Swamp:3  | Noticed Bai Suzhen
 36214 | Swamp:3  | Killed Bai Suzhen
 36343 | Swamp:3  | Found a runed translucent gate.
 36352 | Swamp:3  | Found a runed translucent gate.
 36352 | Swamp:3  | Noticed Fystrirhi's ghost (journeyman OpTm)
 36353 | Swamp:3  | Found a runed translucent gate.
 36734 | Lair:2   | Bought a pair of runed boots for 270 gold pieces
 36747 | Lair:2   | Identified a +0 pair of boots of running (You bought it in
                  | a shop on level 2 of the Lair of Beasts)
 36773 | Lair:2   | Bought a faintly humming chain mail for 342 gold pieces
 36784 | Lair:2   | Identified the cursed +1 chain mail of the Rose {rN+++
                  | Int-4 Dex+4 SInv} (You bought it in a shop on level 2 of
                  | the Lair of Beasts)
 36953 | Swamp:3  | Killed Fystrirhi's ghost
 36969 | Swamp:3  | Got a faintly glowing dagger
 36984 | Swamp:3  | Identified the +7 dagger of Juic {antimagic, Str+10 Int-4
                  | SInv} (You found it on level 3 of the Swamp)
 37264 | Swamp:4  | Entered Level 4 of the Swamp
 37943 | Lair:2   | Identified the cursed +1 ring mail "Zoxkity" {Str+5} (You
                  | found it on level 14 of the Dungeon)
 39270 | Swamp:4  | Noticed the 27-headed Lernaean hydra
 39294 | Swamp:4  | Killed the 25-headed Lernaean hydra
 39564 | Swamp:4  | Got a decaying rune of Zot
 39858 | Lair:2   | Bought an uncursed ring of resist corrosion for 240 gold
                  | pieces
 39938 | Spider:1 | Entered Level 1 of the Spider Nest
 40403 | Spider:1 | Reached skill level 10 in Conjurations
 40403 | Spider:1 | Reached skill level 10 in Hexes
 40403 | Spider:1 | Reached skill level 10 in Charms
 40403 | Spider:1 | Reached skill level 10 in Summonings
 40403 | Spider:1 | Reached skill level 10 in Necromancy
 40403 | Spider:1 | Reached skill level 10 in Translocations
 40403 | Spider:1 | Reached skill level 10 in Transmutations
 40403 | Spider:1 | Reached skill level 10 in Fire Magic
 40403 | Spider:1 | Reached skill level 10 in Ice Magic
 40403 | Spider:1 | Reached skill level 10 in Air Magic
 40403 | Spider:1 | Reached skill level 10 in Earth Magic
 40403 | Spider:1 | Reached skill level 10 in Poison Magic
 41157 | Spider:1 | Reached XP level 18. HP: 141/141 MP: 33/33
 41495 | Spider:2 | Found a frozen archway.
 41550 | IceCv    | Entered an ice cave
 42051 | IceCv    | Got a polished ring mail
 42785 | Spider:2 | Reached skill level 12 in Armour
 43373 | Lair:2   | Bought a runed scale mail for 252 gold pieces
 43829 | Spider:3 | Found a transporter.
 43829 | Spider:3 | Noticed Nikola
 43836 | Spider:3 | Killed Nikola
 44394 | Spider:3 | Found a transporter.
 44397 | Spider:3 | Found the +8 longbow "Zephyr" {speed, Dex+3 SInv}
 44639 | Spider:4 | Entered Level 4 of the Spider Nest
 44919 | Spider:4 | Noticed Arachne
 45375 | Spider:4 | Reached XP level 19. HP: 149/149 MP: 35/35
 45481 | Spider:4 | Killed Arachne
 46914 | Spider:4 | Got a gossamer rune of Zot
 47168 | Lair:2   | Bought the ring "Ytyav" {rN+ MR++ MP+9 Int+2} for 702 gold
                  | pieces
 47226 | Lair:2   | Bought the ring "Hexzadghu" {rElec Str+6 Dex+3} for 945
                  | gold pieces
 47400 | Vaults:1 | Entered Level 1 of the Vaults
 47804 | Vaults:1 | Acquired 530 gold pieces
 48556 | Vaults:1 | Found Bubitoa's Assorted Antiques.
 49055 | Vaults:1 | Reached XP level 20. HP: 143/157 MP: 36/36
 49224 | Vaults:1 | Reached skill level 15 in Crossbows
 49248 | Vaults:1 | Reached skill level 13 in Armour
 49432 | Vaults:1 | Bought 3 scrolls of identify for 246 gold pieces
 49748 | Vaults:2 | Noticed Aizul
 49759 | Vaults:2 | Killed Aizul
 50003 | Vaults:2 | Noticed Frederick
 50015 | Vaults:2 | Killed Frederick
 50299 | Vaults:2 | Noticed Margery
 50313 | Vaults:2 | Killed Margery
 50462 | Vaults:2 | Noticed Xtahua
 50490 | Vaults:2 | Killed Xtahua
 51133 | Vaults:2 | Acquired 1750 gold pieces
 51734 | Vaults:3 | Noticed a bone dragon
 51762 | Vaults:3 | Killed a bone dragon
 51833 | Vaults:3 | Found a staircase to the Crypt.
 52436 | Vaults:3 | Reached XP level 21. HP: 162/165 MP: 38/38
 53767 | Vaults:4 | HP: 7/165 [acid[an ironheart preserver] (11)]
 55280 | Vaults:4 | Reached skill level 15 in Invocations
 55505 | Vaults:4 | Learned a level 5 spell: Lee's Rapid Deconstruction
 56156 | D:14     | Identified the +11 hand crossbow of a volcano {freeze,
                  | Str-2 Int+5} (You found it on level 14 of the Dungeon)
 56515 | Lair:3   | Reached skill level 14 in Armour
 56526 | Lair:3   | Killed DeepDeath's ghost
 56930 | Spider:3 | Got a faintly glowing iron amulet
 57036 | Spider:3 | Got a wavering steel ring
 57041 | Spider:3 | Got a steaming lapis lazuli ring
 57088 | Spider:3 | Identified the ring of Ceariaz {rN+ Int+7 Dex-4} (You found
                  | it on level 3 of the Spider Nest)
 57089 | Spider:3 | Identified the ring of Eternal Night {Int+6 Dex+4 SInv}
                  | (You found it on level 3 of the Spider Nest)
 57677 | Swamp:2  | Killed Ricegish's ghost
 58437 | Swamp:2  | Identified the amulet of Rupis {Regen+ Str-4 Int+7 Dex+3
                  | Stlth+} (You found it on level 3 of the Spider Nest)
 58688 | Orc:2    | Bought a scroll of blinking for 97 gold pieces
 58704 | Orc:2    | Bought a book of Battle for 560 gold pieces
 58710 | Orc:2    | Learned a level 2 spell: Shroud of Golubria
 58713 | Orc:2    | Learned a level 2 spell: Song of Slaying
 58717 | Orc:2    | Learned a level 3 spell: Spectral Weapon
 58756 | Elf:1    | Entered Level 1 of the Elven Halls
 58989 | Elf:1    | Identified the Compendium of Evil
 58996 | Elf:1    | Learned a level 4 spell: Dispel Undead
 59478 | Elf:1    | Reached XP level 22. HP: 173/173 MP: 40/40
 59634 | Elf:1    | You fall into a shaft and drop 1 floor!
 59778 | Elf:2    | Found a transporter.
 59799 | Elf:2    | Identified the +5 longbow "Saemomamp" {flame, Int+5}
 59799 | Elf:2    | Identified the +10 quick blade of the Grey Skies {freeze,
                  | Dex+4}
 59800 | Elf:2    | Noticed reversiblehash's ghost (journeyman MiBe)
 59803 | Elf:2    | Identified the +10 rapier of the Median {flame, Int+2}
 59815 | Elf:2    | Found a bloodstained altar of Trog.
 59827 | Elf:2    | Found a transporter.
 59935 | Elf:1    | Found a shimmering blue altar of Sif Muna.
 60181 | Elf:2    | Found a runed translucent gate.
 60181 | Elf:2    | Found a runed translucent gate.
 60182 | Elf:2    | Found a runed translucent gate.
 60574 | Elf:2    | Found Miorakh's Food Boutique.
 60812 | Elf:2    | Killed reversiblehash's ghost
 61541 | Elf:2    | Reached skill level 15 in Fighting
 61541 | Elf:2    | Reached skill level 15 in Dodging
 62240 | Elf:3    | Entered Level 3 of the Elven Halls
 63510 | Elf:3    | Identified the cursed +0 halberd of the Unkillable {elec,
                  | +Blink MP+9 Dex+6 Stlth-}
 63510 | Elf:3    | Identified the ring of Iduem {*Corrode rPois rF+++ Dex+6
                  | Stlth+}
 63661 | Elf:3    | Reached XP level 23. HP: 181/181 MP: 41/41
 64908 | Elf:3    | Identified the +1 helmet "Ykhorei" {MR+ Str+2 Dex+2} (You
                  | found it on level 3 of the Elven Halls)
 66246 | Elf:2    | Bought a ration for 55 gold pieces
 66246 | Elf:2    | Bought a ration for 55 gold pieces
 66654 | Depths:1 | Entered Level 1 of the Depths
 66689 | Depths:1 | Reached skill level 15 in Stealth
 66733 | Depths:1 | Found a gateway to a ziggurat.
 66772 | Depths:1 | Reached skill level 15 in Armour
 67547 | Depths:1 | Found a gateway to Hell.
 68559 | Swamp:2  | Killed contendunt's ghost
 68559 | Swamp:2  | Reached skill level 15 in Short Blades
 68559 | Swamp:2  | Reached skill level 15 in Long Blades
 68559 | Swamp:2  | Reached skill level 15 in Axes
 68559 | Swamp:2  | Reached skill level 15 in Maces & Flails
 68559 | Swamp:2  | Reached skill level 15 in Polearms
 68559 | Swamp:2  | Reached skill level 15 in Staves
 68559 | Swamp:2  | Reached skill level 15 in Slings
 68559 | Swamp:2  | Reached skill level 15 in Bows
 68559 | Swamp:2  | Reached skill level 15 in Throwing
 68559 | Swamp:2  | Reached skill level 15 in Shields
 68559 | Swamp:2  | Reached skill level 15 in Unarmed Combat
 68559 | Swamp:2  | Reached skill level 15 in Spellcasting
 68559 | Swamp:2  | Reached skill level 15 in Evocations
 68582 | Swamp:2  | Killed roflc0ptic's ghost
 69204 | Depths:2 | Found Gozag's Antique Armour Shop.
 69456 | Depths:2 | Found Gozag's Assorted Antiques.
 69478 | Depths:2 | Found an opulent altar of Gozag.
 69478 | Depths:2 | Noticed a golden dragon
 69844 | Depths:2 | Found Gozag's Assorted Antiques.
 69856 | Depths:2 | You fall into a shaft and drop 1 floor!
 70076 | Depths:2 | Killed a golden dragon
 71597 | Depths:3 | Reached XP level 24. HP: 145/189 MP: 42/42
 71751 | Depths:3 | Found a one-way gate leading to the halls of Pandemonium.
 71905 | Depths:3 | Found Ufa Pur's Jewellery Shop.
 71906 | Depths:3 | Found Tauhen's Gadget Shoppe.
 71906 | Depths:3 | Found Tuumy's Gadget Shoppe.
 72270 | Depths:3 | Noticed a greater mummy
 72287 | Depths:3 | Killed a greater mummy
 72513 | Depths:3 | Noticed a greater mummy
 72533 | Depths:3 | Killed a greater mummy
 72745 | Depths:3 | Found the amulet of Vitality {Regen+ HP+15}
 73296 | Depths:4 | Reached skill level 16 in Armour
 73969 | Depths:4 | Found a one-way gate to the infinite horrors of the Abyss.
 74610 | Depths:5 | Entered Level 5 of the Depths
 74658 | Depths:5 | Paralysed by a floating eye for 2 turns
 75683 | Depths:5 | Reached XP level 25. HP: 157/197 MP: 42/42
 76224 | Depths:5 | Noticed Mennas
 76224 | Depths:5 | Noticed Sojobo
 76237 | Depths:5 | Killed Sojobo
 76252 | Depths:5 | Killed Mennas
 76252 | Depths:5 | Reached skill level 17 in Armour
 76966 | Depths:5 | Found a gate to the Realm of Zot.
 77266 | Depths:5 | Identified the +1 demon trident of Massacring {elec, *Slow
                  | rN+ Str+4 Int+4} (You found it on level 5 of the Depths)
 77284 | Depths:5 | Identified a +1 pair of boots of running (You found it on
                  | level 5 of the Depths)
 77329 | Depths:5 | Bought a runed cloak for 337 gold pieces
 77362 | Depths:5 | Bought crude fire dragon scales for 2925 gold pieces
 77365 | Depths:5 | Identified the cursed +0 fire dragon scales of Beauty {rF++
                  | rC- Dex+3} (You bought it in a shop on level 5 of the
                  | Depths)
 77370 | Depths:5 | Bought a transparent plate armour for 1260 gold pieces
 77372 | Depths:5 | Identified the +1 plate armour of the Battered Invaders
                  | {MR+} (You bought it in a shop on level 5 of the Depths)
 77387 | Depths:5 | Learned a level 5 spell: Borgnjor's Vile Clutch
 77757 | Crypt:1  | Entered Level 1 of the Crypt
 78949 | Crypt:2  | Noticed Khufu
 78949 | Crypt:2  | Noticed a greater mummy
 78960 | Crypt:1  | Killed a greater mummy
 79571 | Crypt:2  | Noticed Boris
 79583 | Crypt:2  | Killed Boris
 80389 | Crypt:2  | Killed Khufu
 80468 | Crypt:3  | Entered Level 3 of the Crypt
 80852 | Crypt:3  | Found an ancient bone altar of Kikubaaqudgha.
 80895 | Crypt:3  | Reached XP level 26. HP: 207/207 MP: 43/43
 82043 | Crypt:3  | Reached skill level 18 in Armour
 82077 | Crypt:3  | Identified the +1 cloak of Complete Protection {-Tele rPois
                  | Dex+2 Stlth+} (You found it on level 3 of the Crypt)
 82322 | Vaults:1 | Bought a scroll of identify for 40 gold pieces
 82322 | Vaults:1 | Bought a scroll of identify for 40 gold pieces
 82322 | Vaults:1 | Bought a scroll of identify for 40 gold pieces
 82322 | Vaults:1 | Bought a scroll of identify for 40 gold pieces
 82573 | Crypt:3  | Learned a level 1 spell: Apportation
 82886 | Crypt:3  | Noticed Jory
 82920 | Crypt:3  | Killed Jory
 82930 | Crypt:3  | Found a staircase to the Tomb.
 82976 | Crypt:3  | Identified the +1 helmet of Juteagufo {MR- Int+7 Dex+2}
                  | (You found it on level 3 of the Crypt)
 83114 | Crypt:3  | Identified the Collected Works on Black Magic
 83912 | Vaults:1 | Learned a level 6 spell: Darkness
 84067 | Vaults:5 | Entered Level 5 of the Vaults
 84167 | Vaults:5 | Identified the amulet "Jagefarph" {Spirit Dex+8}
 84184 | Vaults:5 | Noticed an ancient lich
 84202 | Vaults:5 | Killed an ancient lich
 84251 | Vaults:5 | Reached XP level 27. HP: 215/215 MP: 8/44
 84375 | Vaults:5 | Identified the Catalogue of Unstable Fire
 84494 | Vaults:5 | Reached skill level 19 in Armour
 85281 | Vaults:5 | Identified the +1 chain mail of Ythrusiem {Dex+2}
 85669 | Vaults:5 | Identified The Last Catalogue of the Archmage
 85672 | Vaults:5 | Identified the cursed +0 flail "Ofamih" {antimagic, *Contam
                  | +Inv rPois rF++} (You found it on level 5 of the Vaults)
 85675 | Vaults:5 | Got a silver rune of Zot
 86029 | Vaults:5 | Identified the +6 plate armour of Twilight {rElec Str+3}
                  | (You found it on level 5 of the Vaults)
 86468 | Lair:6   | Bought the +1 pair of boots "Voud" {*Corrode rElec Int+4
                  | SInv} for 610 gold pieces
 86918 | Vaults:5 | Bought a scorched long sword for 272 gold pieces
 86918 | Vaults:5 | Bought a steaming morningstar for 288 gold pieces
 86918 | Vaults:5 | Bought a pitted flail for 272 gold pieces
 86918 | Vaults:5 | Identified the +6 long sword of the Thing {speed, rF++ MR+
                  | Dex+3} (You bought it in a shop on level 5 of the Vaults)
 86919 | Vaults:5 | Identified the +9 flail of Levvy {vorpal, *Corrode MP+9
                  | Int+6 Dex+3} (You bought it in a shop on level 5 of the
                  | Vaults)
 86920 | Vaults:5 | Identified the +6 morningstar "Bodar" {speed, rN++ MR-
                  | MP+9} (You bought it in a shop on level 5 of the Vaults)
 87229 | Vaults:1 | Bought a scroll of enchant weapon for 307 gold pieces
 87229 | Vaults:1 | Bought a wand of digging (4) for 328 gold pieces
 87292 | Vaults:1 | Bought a scroll of blinking for 150 gold pieces
 87450 | Lair:2   | Bought a box of beasts for 260 gold pieces
 87450 | Lair:2   | Bought a box of beasts for 260 gold pieces
 87761 | Zot:1    | Entered Level 1 of the Realm of Zot
 87993 | Depths:5 | Bought a glowing helmet for 337 gold pieces
 88456 | Zot:1    | Reached skill level 15 in Conjurations
 88456 | Zot:1    | Reached skill level 15 in Hexes
 88456 | Zot:1    | Reached skill level 15 in Charms
 88456 | Zot:1    | Reached skill level 15 in Summonings
 88456 | Zot:1    | Reached skill level 15 in Necromancy
 88456 | Zot:1    | Reached skill level 15 in Translocations
 88456 | Zot:1    | Reached skill level 15 in Transmutations
 88456 | Zot:1    | Reached skill level 15 in Fire Magic
 88456 | Zot:1    | Reached skill level 15 in Ice Magic
 88456 | Zot:1    | Reached skill level 15 in Air Magic
 88456 | Zot:1    | Reached skill level 15 in Earth Magic
 88456 | Zot:1    | Reached skill level 15 in Poison Magic
 90492 | Zot:2    | Found a huge runed gate.
 90526 | Zot:2    | Found a huge runed gate.
 90526 | Zot:2    | Found a huge runed gate.
 90598 | Zot:2    | Found a huge runed gate.
 90598 | Zot:2    | Found a huge runed gate.
 90598 | Zot:2    | Found a huge runed gate.
 90598 | Zot:2    | Found a huge runed gate.
 90599 | Zot:2    | Found a huge runed gate.
 90599 | Zot:2    | Found a huge runed gate.
 90600 | Zot:2    | Found a huge runed gate.
 90600 | Zot:2    | Found a huge runed gate.
 90600 | Zot:2    | Found a huge runed gate.
 90600 | Zot:2    | Found a huge runed gate.
 90600 | Zot:2    | Found a huge runed gate.
 90601 | Zot:2    | Found a huge runed gate.
 90602 | Zot:2    | Found a huge runed gate.
 90741 | Zot:2    | Found a huge runed gate.
 90741 | Zot:2    | Found a huge runed gate.
 90743 | Zot:2    | Found a huge runed gate.
 90743 | Zot:2    | Found a huge runed gate.
 90743 | Zot:2    | Found a huge runed gate.
 90743 | Zot:2    | Found a huge runed gate.
 90747 | Zot:2    | Found a huge runed gate.
 90747 | Zot:2    | Found a huge runed gate.
 90747 | Zot:2    | Found a huge runed gate.
 90747 | Zot:2    | Found a huge runed gate.
 90747 | Zot:2    | Found a huge runed gate.
 90754 | Zot:2    | Found a huge runed gate.
 90754 | Zot:2    | Found a huge runed gate.
 90754 | Zot:2    | Found a huge runed gate.
 90754 | Zot:2    | Found a huge runed gate.
 91468 | Zot:3    | Reached skill level 20 in Armour
 93827 | Zot:5    | Entered Level 5 of the Realm of Zot
 93832 | Zot:5    | Noticed an orb of fire
 93833 | Zot:5    | Gained mutation: You are weak. (Str -2) [an orb of fire]
 93848 | Zot:5    | Killed an orb of fire
 94981 | Zot:5    | Reached skill level 21 in Armour
 95077 | Zot:5    | Noticed an orb of fire
 95113 | Zot:5    | Noticed an ancient lich
 95129 | Zot:5    | Killed an ancient lich
 95168 | Zot:5    | Gained mutation: Potions are less effective at restoring
                  | your health. [an orb of fire]
 95183 | Zot:5    | Killed an orb of fire
 95193 | Zot:5    | Noticed an ancient lich
 95206 | Zot:5    | Killed an ancient lich
 95207 | Zot:5    | Noticed an ancient lich
 95228 | Zot:5    | Killed an ancient lich
 95384 | Zot:2    | Noticed an orb of fire
 95384 | Zot:2    | Noticed an orb of fire
 95384 | Zot:2    | Noticed an orb of fire
 95403 | Zot:2    | Noticed an orb of fire
 95406 | Zot:2    | Gained mutation: Your body sometimes deteriorates upon
                  | taking damage. [an orb of fire]
 95414 | Zot:2    | Killed an orb of fire
 95415 | Zot:2    | Killed an orb of fire
 95421 | Zot:2    | Killed an orb of fire
 95424 | Zot:2    | Killed an orb of fire
 95499 | Zot:2    | Lost mutation: Your body sometimes deteriorates upon taking
                  | damage. [potion of mutation]
 95499 | Zot:2    | Lost mutation: You are weak. (Str -2) [potion of mutation]
 95499 | Zot:2    | Lost mutation: Potions are less effective at restoring your
                  | health. [potion of mutation]
 95499 | Zot:2    | Gained mutation: Your magical capacity is low. (-10% MP)
                  | [potion of mutation]
 95499 | Zot:2    | Gained mutation: You are partially covered in yellow
                  | scales. (AC +2) [potion of mutation]
 95499 | Zot:2    | Gained mutation: You are somewhat resistant to further
                  | mutation. [potion of mutation]
 95696 | Zot:5    | Noticed an orb of fire
 95712 | Zot:5    | Gained mutation: You are weak. (Str -2) [an orb of fire]
 95721 | Zot:5    | Killed an orb of fire
 95943 | Zot:5    | Noticed an ancient lich
 95944 | Zot:5    | Noticed an orb of fire
 95945 | Zot:5    | Noticed an ancient lich
 95950 | Zot:5    | Noticed an ancient lich
 95956 | Zot:5    | Killed an ancient lich
 95957 | Zot:5    | Noticed an ancient lich
 95961 | Zot:5    | Killed an ancient lich
 96156 | Zot:5    | Killed an ancient lich
 96157 | Zot:5    | Killed an ancient lich
 96517 | Zot:5    | Got the Orb of Zot
 96563 | Zot:5    | Noticed Unifoij the pandemonium lord
 96631 | Zot:2    | Noticed Fusi the pandemonium lord
 96685 | Zot:1    | Reached skill level 22 in Armour
 96902 | D:14     | Noticed Kyomp the pandemonium lord
 96948 | D:11     | Noticed Bemaaj the pandemonium lord
 97067 | D:6      | Gained mutation: You are frail. (-10% HP) [a cacodemon]
 97197 | D:$      | Escaped with the Orb!

Illustrated notes

Levels and vault maps discovered:
D:1:      dpeg_arrival_round_a, layout_basic, minmay_tiny_reverse_x
D:2:      layout_basic, nicolae_gozag_seed_capital
D:3:      minmay_razor_zed, layout_basic, portal_sewer_entry_d
D:4:      layout_loops_ring, hangedman_decor_points, st_stairs_10,
          serial_bayou_pond_a, grunt_dithmenos_shadows
D:5:      layout_rooms, first_ration
D:6:      layout_basic, minmay_temple_entry_mini_moons, ebering_ghost_sewer_f,
          lemuel_angel_altar, uniq_edmund, uniq_duvessa
D:7:      layout_loops_ring
D:8:      layout_loops_cross, nicolae_overflow_quartered_altars, led_sif_book
D:9:      layout_long_grid, kiku_gazebo_garden_becter, basic_altar,
          grunt_pizzeria, st_stairs_13
D:10:     layout_grid_maze, serial_shops,
          nicolae_shop_temple_entry_statues_fountains, uniq_sonja, uniq_snorg,
          uniq_fannar
D:11:     layout_loops_corners, david_lair_shrubbed, orc_0_dummy,
          enter_bailey_3, uniq_josephine, uniq_psyche
D:12:     layout_irregular_city, basic_altar, uniq_gastronok, uniq_rupert
D:13:     layout_basic, kennysheep_decorative_pillar
D:14:     layout_big_octagon, grunt_vaults_entry_tiered, serial_shops,
          nicolae_shop_stone, infiniplex_staircase_spiral,
          gauntlet_entry_generic, minmay_protected_statue
D:15:     grunt_enter_depths_hoard, layout_layer_cave, serial_park_tiny_2,
          uniq_roxanne, uniq_nessos
Lair:1:   layout_concentric_octagons, minmay_hedge_maze,
          chequers_serial_rivers_large_b, serial_bayou_crossing,
          infiniplex_staircase_pool_2
Lair:2:   layout_cave_pods
Lair:3:   layout_long_grid, gammafunk_ghost_ooze
Lair:4:   layout_regular_city, skrybe_swamp_entry_bodies,
          nicolae_spider_entry_non_spiders
Lair:5:   layout_cave_pods, slime_altar_2, minmay_lair_oklob_items,
          grunt_megastairs_3
Lair:6:   guppyfry_lair_end_dragon, layout_gridlike,
          hangedman_lair_caniforms_friends, lemuel_oklob_altar,
          lemuel_fruit_fields, uniq_urug
Swamp:1:  layout_falls_marsh, evilmike_swamp_ruin_house_4, uniq_frances
Swamp:2:  gammafunk_the_bubble [the_bubble_gammafunk_grid], layout_basic_swamp,
          gammafunk_ghost_cemetery, evilmike_swamp_ruin_house_5, swamp_pool1,
          infiniplex_staircase_pool
Swamp:3:  layout_falls_marsh, gammafunk_ghost_hydra_chop,
          evilmike_swamp_ruin_rubble_2, uniq_louise, uniq_bai_suzhen
Swamp:4:  swamp_old_school, layout_basic_swamp
Spider:1: layout_spider_delve, guppyfry_spider_mini_3
Spider:2: layout_spider_delve, portal_ice_cave_entry_pillars_three, minivault_29
Spider:3: gammafunk_its_a_trap, hangedman_spider_tarantella_strand, uniq_nikola
Spider:4: grunt_spider_rune_circles, drop_trap, uniq_arachne
Orc:1:    layout_caves, serial_shops, nicolae_shop_behind_doors
Orc:2:    grunt_orc_cross, layout_diamond_mine
Elf:1:    eino_elf_arrival_customs, layout_rooms, basic_altar, special_room
          [special_room_orc], minmay_elf_necromancy
Elf:2:    layout_geoelf_diagonals, serial_shops, shop,
          gammafunk_ghost_wrathful_warriors
Elf:3:    grunt_elf_hall_branching, layout_gridlike, small_statue_intersection,
          lemuel_flamethrower_hall
Vaults:1: nicolae_vaults_circle_grid_b, v_misc_14,
          nicolae_vaults_an_arrangement, v_misc_29, v_pattern_2,
          ontoclasm_vaults_gateway, vaults_dpeg_ring,
          nicolae_vaults_mini_display_case, layout_vaults_omnigrid,
          serial_shops, nicolae_shop_waterfront
Vaults:2: v_misc_17, hangedman_vaults_stagger, vaults_standard_mumra_lines,
          vaults_dpeg_doors, v_misc_4, nicolae_vaults_rhombus_6,
          nicolae_vaults_angled_halls, vaults_room_fancy_cross,
          ontoclasm_vaults_chip, layout_vaults_maze_bifur, uniq_xtahua,
          uniq_frederick, uniq_aizul, uniq_margery
Vaults:3: minmay_crypt_entry_nasty_monster, hangedman_vaults_stretched_pinwheel,
          ontoclasm_vaults_ring_small, ontoclasm_vaults_ring_large,
          v_alt_pattern_4, v_misc_22, hangedman_vaults_stream,
          ontoclasm_vaults_idyll, v_misc_24, vaults_room_large_hall,
          layout_vaults_omnicross
Vaults:4: nicolae_vaults_three_branches, ontoclasm_vaults_ring_square,
          grunt_vaults_diagonal, nicolae_vaults_network_quincunx
          [nicolae_vaults_network_quincunx_subvault,
          nicolae_vaults_network_quincunx_subvault,
          nicolae_vaults_network_quincunx_subvault,
          nicolae_vaults_network_quincunx_subvault,
          nicolae_vaults_network_quincunx_subvault], vaults_dpeg_encased_lava,
          st_cells, nicolae_vaults_ring_of_whatevers, vaults_room_hallway,
          vaults_room_grid, grunt_vaults_twisty, layout_vaults_big_room
Vaults:5: serial_shops
Crypt:1:  layout_rooms, grunt_crypt_arrival_split, grunt_megastairs_2
Crypt:2:  layout_misc_corridors, grunt_ministairs_13,
          nicolae_crypt_twisting_catacombs, uniq_khufu, uniq_boris
Crypt:3:  grunt_crypt_end_deaths_head
Depths:1: layout_cave_shapes, enter_ziggurat_d, grunt_hell_entry_dis_mu,
          chequers_serial_rivers_large_a, hangedman_abyss_or_decor_slice,
          ice2_lemuel
Depths:2: kennysheep_gozag_temple, layout_basic, hell_entry,
          hangedman_decor_growths, firewood_loft
Depths:3: ragdoll_tomb_raider, layout_cave_pools, hangedman_tar_grid_catacomb,
          grunt_decor_resistance, pan_entry, minmay_misc_feat_four_crosses,
          minmay_staircase_statues, minmay_shop_grove
Depths:4: dpeg_oklob_gauntlet, layout_cave_pools, serial_bayou,
          serial_bayou_pond_c, serial_bayou_ford_a, serial_bayou_pond_d,
          serial_bayou_shore_b, serial_bayou_shore_a,
          serial_sigils_hangedman_writhe, hell_entry, abyss_entry,
          minmay_statues_item
Depths:5: lemuel_castle_with_subvaults [lemuel_castle_interior_carwin_3],
          layout_cave_pools, abyss_entry, hellmouth_1, corexii_leaking_fountain,
          rand_demon_pan_entry_8, statue_in_the_mist_lemuel, uniq_mennas,
          uniq_sojobo
Zot:1:    layout_misc_corridors
Zot:2:    kennysheep_ambush_hall, layout_gridlike, st_stairs_12,
          hangedman_zot_wheel_spokes, door_vault
Zot:3:    layout_basic
Zot:4:    layout_gridville, hangedman_zot_decor_tridents
Zot:5:    layout_misc_corridors

Skill      XL: |  1  2  3  4  5  6  7  8  9 10 11 12 13 14 15 16 17 18 19 20 21 22 23 24 25 26 27 |
---------------+----------------------------------------------------------------------------------+-----
Invocations    | 1 2 3 4 5 6 7 8 9 10 11 12 13 14 15 16 17 18 20 | 20.3
Short Blades   | 1 2 3 4 6 7 8 9 10 11 12 13 14 15 16 17 19 | 19.0
Long Blades    | 1 2 3 4 6 7 8 9 10 11 12 13 14 15 16 17 19 | 19.0
Axes           | 1 2 3 4 6 7 8 9 10 11 12 13 14 15 16 17 19 | 19.0
Maces & Flails | 1 2 3 4 6 7 8 9 10 11 12 13 14 15 16 17 19 | 19.0
Polearms       | 1 2 3 4 6 7 8 9 10 11 12 13 14 15 16 17 19 | 19.0
Staves         | 1 2 3 4 6 7 8 9 10 11 12 13 14 15 16 17 19 | 19.0
Slings         | 1 2 3 4 6 7 8 9 10 11 12 13 14 15 16 17 19 | 19.0
Bows           | 1 2 3 4 6 7 8 9 10 11 12 13 14 15 16 17 19 | 19.0
Throwing       | 1 2 3 4 6 7 8 9 10 11 12 13 14 15 16 17 19 | 19.0
Armour         | 1 2 3 4 6 7 8 9 10 11 12 13 14 15 16 17 18 22 | 22.0
Shields        | 1 2 3 4 6 7 8 9 10 11 12 13 14 15 16 17 19 | 19.0
Unarmed Combat | 1 2 3 4 6 7 8 9 10 11 12 13 14 15 16 17 19 | 19.0
Spellcasting   | 1 2 3 4 6 7 8 9 10 11 12 13 14 15 16 17 19 | 19.0
Evocations     | 1 2 3 4 6 7 8 9 10 11 12 13 14 15 16 17 19 | 19.0
Conjurations   | 1 2 3 5 6 7 8 9 10 11 12 13 14 16 | 16.3
Hexes          | 1 2 3 5 6 7 8 9 10 11 12 13 14 16 | 16.3
Charms         | 1 2 3 5 6 7 8 9 10 11 12 13 14 16 | 16.3
Summonings     | 1 2 3 5 6 7 8 9 10 11 12 13 14 16 | 16.3
Necromancy     | 1 2 3 5 6 7 8 9 10 11 12 13 14 16 | 16.3
Translocations | 1 2 3 5 6 7 8 9 10 11 12 13 14 16 | 16.3
Transmutations | 1 2 3 5 6 7 8 9 10 11 12 13 14 16 | 16.3
Fire Magic     | 1 2 3 5 6 7 8 9 10 11 12 13 14 16 | 16.3
Ice Magic      | 1 2 3 5 6 7 8 9 10 11 12 13 14 16 | 16.3
Air Magic      | 1 2 3 5 6 7 8 9 10 11 12 13 14 16 | 16.3
Earth Magic    | 1 2 3 5 6 7 8 9 10 11 12 13 14 16 | 16.3
Poison Magic   | 1 2 3 5 6 7 8 9 10 11 12 13 14 16 | 16.3
Stealth        | 3 4 5 6 7 8 9 10 11 12 13 14 15 16 17 19 | 19.1
Fighting       | 5 6 7 8 9 10 11 12 13 14 15 16 17 19 | 19.3
Dodging        | 5 6 7 8 9 10 11 12 13 14 15 16 17 19 | 19.3
Crossbows      | 9 10 11 12 13 14 15 16 17 18 20 | 20.1

Action                   |  1- 3 |  4- 6 |  7- 9 | 10-12 | 13-15 | 16-18 | 19-21 | 22-24 | 25-27 || total
-------------------------+-------+-------+-------+-------+-------+-------+-------+-------+-------++-------
Melee: Short sword       |     3 |       |       |       |       |       |       |       |       ||     3
       Dagger            |    69 |    88 |   261 |       |       |       |       |       |       ||   418
       Bite              |    11 |     7 |    46 |    54 |   108 |   160 |   234 |   227 |   466 ||  1313
       Punch             |       |     1 |     4 |       |       |       |       |       |       ||     5
       Hand axe          |       |       |    65 |   185 |   116 |   234 |    79 |    11 |       ||   690
       Rapier            |       |       |    35 |       |       |       |       |       |       ||    35
       War axe           |       |       |       |   239 |   400 |   319 |   623 |   472 |   632 ||  2685
       Broad axe         |       |       |       |       |   194 |   278 |   406 |   388 |   448 ||  1714
       Scimitar          |       |       |       |       |       |       |       |    65 |       ||    65
       Eveningstar       |       |       |       |       |       |       |       |    36 |       ||    36
       Eudemon blade     |       |       |       |       |       |       |       |       |   587 ||   587
       Long sword        |       |       |       |       |       |       |       |       |   121 ||   121
 Fire: Hand crossbow     |    19 |    55 |    67 |   142 |   559 |   530 |   464 |   734 |   678 ||  3248
Throw: Dart              |       |       |    25 |    20 |     4 |     5 |     1 |       |     1 ||    56
       Stone             |       |       |     8 |       |       |       |       |       |       ||     8
       Boomerang         |       |       |       |       |     5 |     5 |     2 |     1 |    14 ||    27
       Throwing net      |       |       |       |       |       |     1 |       |       |       ||     1
       Javelin           |       |       |       |       |       |       |       |     6 |    49 ||    55
 Cast: Corona            |       |       |       |     4 |       |       |       |       |       ||     4
       Frozen Ramparts   |       |       |       |       |       |     2 |     7 |     2 |    13 ||    24
       Olgreb's Toxic Ra |       |       |       |       |       |     3 |     3 |       |     4 ||    10
       Ignite Poison     |       |       |       |       |       |     2 |     3 |       |     1 ||     6
       Mephitic Cloud    |       |       |       |       |       |       |     1 |       |       ||     1
       Shroud of Golubri |       |       |       |       |       |       |       |     2 |     5 ||     7
       Spectral Weapon   |       |       |       |       |       |       |       |       |    17 ||    17
       Darkness          |       |       |       |       |       |       |       |       |     2 ||     2
       Song of Slaying   |       |       |       |       |       |       |       |       |     2 ||     2
Invok: Call Merchant     |       |       |       |       |     1 |     3 |     1 |     1 |     2 ||     8
       Potion Petition   |       |       |       |       |       |       |       |     2 |     6 ||     8
       Bribe Branch      |       |       |       |       |       |       |       |       |     2 ||     2
Evoke: Wand              |       |       |     1 |     3 |     5 |     8 |     5 |     7 |    11 ||    40
       Box of beasts     |       |       |       |       |       |       |       |       |     3 ||     3
  Use: Scroll            |     1 |    10 |     8 |    13 |    26 |    14 |    18 |     5 |    28 ||   123
       Potion            |       |     3 |     1 |     8 |     6 |     5 |    10 |     3 |    11 ||    47
 Stab: Sleeping          |     3 |     5 |     9 |    18 |     9 |       |     7 |     3 |    18 ||    72
       Distracted        |       |     1 |     1 |     5 |     3 |    17 |    16 |    18 |    48 ||   109
       Paralysed         |       |       |     1 |     4 |     3 |       |       |       |       ||     8
       Invisible         |       |       |       |       |     6 |       |     1 |       |    12 ||    19
       Confused          |       |       |       |       |       |     2 |       |       |     3 ||     5
       Petrifying        |       |       |       |       |       |       |       |       |     1 ||     1
  Eat: Chunk             |     1 |     1 |       |       |       |       |       |       |       ||     2
       Ration            |       |     2 |     5 |     6 |    14 |    14 |    13 |    14 |    21 ||    89
Armor: Leather armour    |    10 |    18 |    10 |     5 |       |       |       |       |       ||    43
       Ring mail         |       |       |    54 |       |       |       |       |       |       ||    54
       Skin              |       |       |    17 |       |       |       |       |       |       ||    17
       Robe              |       |       |    19 |    48 |   111 |       |       |       |       ||   178
       Chain mail        |       |       |       |       |   155 |   456 |   315 |   320 |   368 ||  1614
Dodge: Dodged            |    51 |    66 |   201 |   219 |   592 |   639 |   707 |   835 |  1058 ||  4368
Block: Buckler           |       |       |     2 |    91 |   281 |   431 |   488 |   638 |   232 ||  2163
       Kite shield       |       |       |       |       |       |       |       |       |  1032 ||  1032
       Rpst.: Scimitar   |       |       |       |       |       |       |       |     3 |       ||     3
       Eudemon blade     |       |       |       |       |       |       |       |       |    51 ||    51
       Long sword        |       |       |       |       |       |       |       |       |     4 ||     4
